Unix NetHack Version 5.0.0-0 post-release - last build May 23 2026 06:08:33 (1c0ff79ee797540d5714e4e18072db0edd9e58ae,branch:main).

Game began 2026-05-23 08:26:52, ended 2026-05-23 08:48:31.

Atomicjoy, chaotic male elven Wizard

                                                           --             ----
                                                           .|             |..--
                                                         --.|            --...|
                                                         |..             |...-
                                         -----    --------.--            --..--
                                         |..................------ -----  |...|
                                         --- ------ -----....--..---...|  |...|
                                                       ..|.G[..[...)..--  |.---
                                                     -...|@......-....-----.|
                                                   ..... |..|...-.|.....||..-
                                                 ....-.- -.-|.%.. ---...--.|..
                                                 -.. .   ..---.--   --.....|..|
                                                 --+--  --.  |..     ----..|-.|
                                                         |.   ..        |..--.|
                                                         |.  ....       |.>...|
                                                         |.| ....       --...--
                                                         --- ...--       --..|
                                                            -----          ---

Atomicjoy the Conjurer    St:9 Dx:12 Co:13 In:19 Wi:13 Ch:8  Chaotic
Dlvl:6  $:79 HP:0(29) Pw:21(62) AC:7  Xp:5 T:1989  Burdened

Latest messages:
 The spell hits the gnome!
 You kill the gnome!
 There are several objects here.
 You hear a door open.
 You have trouble lifting a dwarvish mithril-coat.  Continue? [ynq] (q) y
 You have trouble lifting W - a dwarvish mithril-coat.
 You rebalance your load.  Movement is difficult.
 You drop a crossbow.
 You drop an uncursed hooded cloak.
 You drop a cursed burnt elven dagger.
 The gnome hits!
 In what direction? 4
 The spell hits the gnome!
 You kill the gnome!
 You drop a dwarvish mithril-coat.
 Your movements are only slowed slightly by your load.
 You have a little trouble lifting X - a square amulet.
 The gnome hits!
 You miss the gnome.
 The gnome hits!
 You miss the gnome.
 You miss the gnome.
 You miss the gnome.
 The gnome hits!
 The gnome hits!
 In what direction? 4
 The spell hits the gnome!
 You kill the gnome!
 There is a doorway here.
 You see here a scroll of magic mapping.
 You learn more about your items by comparing them.
 You have a little trouble lifting j - an uncursed scroll of magic mapping (2 in total).
 In what direction? 4
 The spell misses the gnome.
 The gnome gets angry!
 In what direction? 4
 The spell misses the gnome.
 You hear a door open.
 The gnome lord hits!
 You miss the gnome.
 You miss the gnome.
 The gnome hits!
 The gnome lord hits!
 The gnome lord hits!
 You die...
 Do you want your possessions identified? [ynq] (y) y
 Do you want to see your attributes? [ynq] (y) n
 Do you want an account of creatures vanquished? [ynaq] (y) n
 Do you want to see your conduct and achievements? [ynq] (y) y
 Do you want to see the dungeon overview? [ynq] (y) y

Inventory:
 Coins    ('$')
  $ - 79 gold pieces
 Amulets  ('"')
  X - an uncursed amulet of ESP
 Weapons  (')')
  L - 13 +0 crossbow bolts
  K - a +0 dagger
  a - a blessed +1 quarterstaff (weapon in hands)
 Armor    ('[')
  M - an uncursed +0 pair of iron shoes (being worn)
  b - an uncursed +0 cloak of magic resistance (being worn)
 Comestibles  ('%')
  o - 3 uncursed food rations
  D - an uncursed fortune cookie
 Scrolls  ('?')
  u - a cursed scroll of confuse monster
  h - an uncursed scroll of create monster
  i - 2 uncursed scrolls of identify
  j - 2 uncursed scrolls of magic mapping
  R - an uncursed scroll of remove curse
  t - an uncursed scroll of scare monster
  V - a cursed scroll of teleportation
 Spellbooks  ('+')
  l - an uncursed spellbook of chain lightning
  q - an uncursed spellbook of detect treasure
  T - an uncursed spellbook of detect unseen
  w - an uncursed spellbook of dig
  k - a blessed spellbook of force bolt
  F - an uncursed spellbook of protection
 Potions  ('!')
  f - 2 uncursed potions of booze
  Q - an uncursed potion of fruit juice
  G - an uncursed potion of gain energy
  v - 2 uncursed potions of healing
  g - an uncursed potion of object detection
  C - an uncursed potion of polymorph
  J - an uncursed potion of restore ability
  A - an uncursed potion of sickness
 Rings    ('=')
  d - an uncursed ring of invisibility
  e - an uncursed ring of stealth
 Wands    ('/')
  B - a wand of digging (0:6)
  c - a wand of probing (0:7)
 Tools    ('(')
  n - an uncursed wooden flute
  y - a cursed lock pick
  m - a magic marker (0:21)
  s - an uncursed tin whistle
 Gems/Stones  ('*')
  O - an uncursed worthless piece of red glass
  U - an uncursed worthless piece of yellow glass

Atomicjoy the Wizard's attributes:

Background:
 You were a Conjurer, a level 5 male elven Wizard.
 You were chaotic, on a mission for Anhur
 who was opposed by Ptah (lawful) and Thoth (neutral).
 You were right-handed.
 You were in the Gnomish Mines, on level 6.
 You entered the dungeon 1989 turns ago.
 You had 204 experience points, 116 more were needed to attain level 6.

Basics:
 You had 0 out of 29 hit points.
 You had 21 out of 62 energy points (spell power).
 Your armor class was 7.
 Your wallet contained 79 zorkmids.
 Autopickup was off.

Final Characteristics:
 Your strength was 9 (limit:18).
 Your dexterity was 12 (limit:18).
 Your constitution was 13 (peak:14, limit:16).
 Your intelligence was 19 (limit:20).
 Your wisdom was 13 (limit:20).
 Your charisma was 8 (limit:18).

Final Status:
 You weren't hungry.
 You were burdened; movement was slightly slowed.
 You were wielding a quarterstaff.
 You had basic skill with quarterstaff.

Final Attributes:
 You were devoutly aligned.
 You were magic-protected.
 You were sleep resistant.
 You had infravision.
 You were warded.
 You are dead.

Miscellaneous:
 You didn't encounter any bones levels.
 Total elapsed playing time was 21 minutes and 37 seconds.

Major events:
 Turn
    1: Atomicjoy the chaotic male elven Wizard entered the dungeon
 1345: attained the rank of Conjurer (level 3)
 1411: entered the Gnomish Mines
 1888: reached Mine Town
 1989: killed by a gnome lord

Spells:
 Name                 Level Category     Fail Retention
 force bolt             1   attack         0%  91%-100%
 chain lightning        2   attack         0%  91%-100%
 detect treasure        4   divination   100%  76%-100%
 dig                    5   matter       100%  76%-100%
 detect unseen          3   divination    76%  76%-100%

Skills:
 Fighting Skills
   bare handed combat [Unskilled]
   riding             [Unskilled]
 Weapon Skills
   dagger             [Unskilled]
   knife              [Unskilled]
   axe                [Unskilled]
   short sword        [Unskilled]
   club               [Unskilled]
   mace               [Unskilled]
   quarterstaff       [Basic]
   polearms           [Unskilled]
   spear              [Unskilled]
   trident            [Unskilled]
   sling              [Unskilled]
   dart               [Unskilled]
   shuriken           [Unskilled]
 Spellcasting Skills
   attack spells      [Basic]
   healing spells     [Unskilled]
   divination spells  [Unskilled]
   enchantment spells [Basic]
   clerical spells    [Unskilled]
   escape spells      [Unskilled]
   matter spells      [Unskilled]

Voluntary challenges:
 Character rerolling was not enabled.
 You never genocided any monsters.
 You never polymorphed an object.
 You never changed form.
 You used no wishes.
Achievements:
 You attained the rank of Conjurer.
 You entered the Gnomish Mines.
 You entered Minetown.

 The Dungeons of Doom: levels 1 to 4
    Level 1:
       A sink.
    Level 2:
       An altar, a fountain.
    Level 3:
       Stairs down to The Gnomish Mines.
    Level 4:
 The Gnomish Mines: levels 4 to 7
    Level 4:
    Level 6: <- You were here.
       Final resting place for
          you, killed by a gnome lord.
    Level 7:


Vanquished creatures:
  4 gnome leaders
  5 dwarves
 an acid blob
  2 hobbits
  2 giant rats
 14 gnomes
  6 jackals
  a kobold
  2 goblins
  a sewer rat
  8 grid bugs
  a bat
  4 lichens
  3 kobold zombies
  5 newts
59 creatures vanquished.

No species were genocided or became extinct.

Game over:
                       ----------
                      /          \
                     /    REST    \
                    /      IN      \
                   /     PEACE      \
                  /                  \
                  |    Atomicjoy     |
                  |      79 Au       |
                  |   killed by a    |
                  |    gnome lord    |
                  |                  |
                  |                  |
                  |       2026       |
                 *|     *  *  *      | *
        _________)/\\_//(\/(/\)/\//\/|_)_______

Goodbye Atomicjoy the Wizard...

You died in The Gnomish Mines on dungeon level 6 with 1188 points,
and 79 pieces of gold, after 1989 moves.
You were level 5 with a maximum of 29 hit points when you died.

